 Dungeon Crawl Stone Soup version 0.29.1-15-g9cfb28693d (webtiles) character file.

Game seed: 10615477899398897995

88 Jase the Sneak (level 4, 0/21 HPs)
             Began as a Spriggan Enchanter on Apr 24, 2023.
             Killed from afar by an orc wizard (7 damage)
             ... with a magic dart
             ... on level 2 of the Dungeon.
             The game lasted 00:10:02 (2833 turns).

Jase the Sneak (Spriggan Enchanter)                 Turns: 2833, Time: 00:10:04

Health: 0/21       AC:  2    Str:  4    XL:     4   Next: 29%
Magic:  0/9        EV: 18    Int: 18    God:
Gold:   127        SH:  0    Dex: 15    Spells: 6/8 levels left

rFire   . . .      SeeInvis +   a - +1 dagger
rCold   . . .      Faith    .   (no shield)
rNeg    . . .      Spirit   .   b - +0 robe
rPois   .          Reflect  .   (helmet restricted)
rElec   .          Harm     .   (no cloak)
rCorr   .          Rampage  .   (gloves unavailable)
Will    .....                   (boots unavailable)
Stlth   +++.......              (no amulet)
HPRegen 0.07/turn               (no ring)
MPRegen 0.11/turn               (no ring)

@: very quick
A: very small, no large weapons, unfitting armour, see invisible, speed 3
a: no special abilities


You were on level 2 of the Dungeon.
You visited 1 branch of the dungeon, and saw 2 of its levels.

You collected 127 gold pieces.

Inventory:

Hand Weapons
 a - a +1 dagger (weapon)
Missiles
 h - 15 stones
Armour
 b - a +0 robe (worn)
Scrolls
 e - a scroll of immolation {unknown}
 g - a scroll of blinking {unknown}
 i - 3 scrolls of identify {unknown}
 k - a scroll of teleportation {unknown}
 n - a scroll of magic mapping {unknown}
 o - a scroll of butterflies {unknown}
Potions
 c - 3 potions of invisibility
 d - a potion of heal wounds
 f - a potion of brilliance {unknown}
 j - a potion of curing {unknown}
 l - a potion of degeneration {unknown}
 m - a potion of flight {unknown}


   Skills:
 * Level 2.9 Short Blades
 + Level 3.4 Dodging
 + Level 5.0 Stealth
 - Level 2.6 Spellcasting
 + Level 4.1 Hexes
 + Level 1.0 Ice Magic


You had 6 spell levels left.
You knew the following spells:

 Your Spells              Type           Power      Damage    Failure   Level
a - Ensorcelled Hibernat  Hex/Ice        22%        N/A       9%          2

Your spell library contained the following spells:

 Spells                   Type           Power      Damage    Failure   Level
 Confusing Touch          Hex            17%        N/A       9%          3
 Tukima's Dance           Hex            17%        N/A       9%          3
 Dazzling Flash           Conj/Hex       18%        N/A       22%         3


Dungeon Overview and Level Annotations

Branches:
Dungeon (2/15)

Altars:


Innate Abilities, Weirdness & Mutations

You are very small and have problems with some larger weapons.
You are too small for most types of armour.
You have supernaturally acute eyesight. (SInv)
You cover ground extremely quickly. (Speed+++)


Message History

Aim: an orc priest, wielding a +0 flail (chance to affect: 45%)
The orc priest resists with some effort.
The orc priest completely misses you. The orc wizard misses you.
Casting: Ensorcelled Hibernation (safe; 9% risk of failure)
Confirm with . or Enter, or press ? or * to list all spells.
Aiming: Ensorcelled Hibernation (safe; 9% risk of failure)
Press: ? - help, Shift-Dir - straight line, f/p - orc priest
Aim: an orc priest, wielding a +0 flail (chance to affect: 45%)
The orc priest looks drowsy...
The orc wizard closely misses you.
The helpless orc priest fails to defend itself.
You impale the orc priest!!
You kill the orc priest!
The orc wizard hits you with a +0 dagger.
Your Stealth skill increases to level 5!
Your Ice Magic skill increases to level 1!
You have reached level 4!
Casting: Ensorcelled Hibernation (safe; 9% risk of failure)
Confirm with . or Enter, or press ? or * to list all spells.
Aiming: Ensorcelled Hibernation (safe; 9% risk of failure)
Press: ? - help, Shift-Dir - straight line, f - orc wizard
Aim: an orc wizard, wielding a +0 dagger and wearing a +0 robe (slightly transparent, chance to affect: 45%)
Okay, then.
Unknown command.
Casting: Ensorcelled Hibernation (safe; 9% risk of failure)
Confirm with . or Enter, or press ? or * to list all spells.
Aiming: Ensorcelled Hibernation (safe; 9% risk of failure)
Press: ? - help, Shift-Dir - straight line, f - orc wizard
Aim: an orc wizard, wielding a +0 dagger and wearing a +0 robe (slightly transparent, chance to affect: 45%)
The orc wizard resists with some effort.
The orc wizard misses you.
Unknown command.
Casting: Ensorcelled Hibernation (safe; 9% risk of failure)
Confirm with . or Enter, or press ? or * to list all spells.
Aiming: Ensorcelled Hibernation (safe; 9% risk of failure)
Press: ? - help, Shift-Dir - straight line, f/p - orc wizard
Aim: an orc wizard, wielding a +0 dagger and wearing a +0 robe (slightly transparent, chance to affect: 45%)
The orc wizard resists with some effort.
The orc wizard points at you and mumbles some strange words.
The magic dart hits you!
You die...

#......# ##.# ##.....#
#..# ##......# #.##
.....<..# #.# #####
.###...÷# ##o####...#
........####...b.....#
####.......#..###....#
###..........##).####
##.........##..o@##
...#.......##.####
####..........#
##............#
....÷......#.##
...........####
##.#..........#
...###.##.###.#
.##....##.# #.###


You could see an orc wizard (invisible).

Vanquished Creatures
  An orc priest (D:2)
  4 adders (D:2)
  5 ball pythons
  An endoplasm (D:2)
  2 goblins
  A hobgoblin (D:1)
  A quokka (D:1)
  4 bats (D:2)
  3 frilled lizards (D:1)
  3 kobolds
  3 rats
28 creatures vanquished.

Notes
Turn   | Place    | Note
-------+----------+-------------------------------------------
     0 | D:1      | Jase the Spriggan Enchanter began the quest for the Orb.
     0 | D:1      | Reached XP level 1. HP: 9/9 MP: 5/5
  1314 | D:1      | Reached XP level 2. HP: 13/13 MP: 6/6
  1317 | D:1      | Learned a level 2 spell: Ensorcelled Hibernation
  2360 | D:2      | Reached XP level 3. HP: 13/16 MP: 0/8
  2832 | D:2      | Reached skill level 5 in Stealth
  2832 | D:2      | Reached skill level 1 in Ice Magic
  2832 | D:2      | Reached XP level 4. HP: 7/21 MP: 4/9
  2833 | D:2      | Killed from afar by an orc wizard

Illustrated notes

Levels and vault maps discovered:
D:1:      denvon_arrival_waterhouse, layout_basic, minmay_misc_feat_iff,
          dk_noncrumbling_2, minmay_tree_intersection
D:2:      layout_rooms, minmay_between

Skill      XL: |  1  2  3 |
---------------+----------+-----
Short Blades   | 2 |  2.9
Dodging        | 3 |  3.4
Hexes          | 4 |  4.1
Stealth        | 5 |  5.0
Ice Magic      | 1 |  1.0
Spellcasting   | |  2.6

Action                   |  1- 3 |  4- 6 || total
-------------------------+-------+-------++-------
Melee: Dagger            |    78 |       ||    78
Throw: Stone             |     3 |       ||     3
 Cast: Ensorcelled Hiber |    11 |     2 ||    13
  Use: Potion            |     1 |       ||     1
 Stab: Sleeping          |    17 |       ||    17
Armor: Robe              |    10 |       ||    10
Dodge: Dodged            |    51 |     1 ||    52
